 Dungeon Crawl Stone Soup version 0.26.1-11-gd32895ea62 (webtiles) character file.

Game seed: 1611035829266599380

203 nothank2 the Shield-Bearer (level 6, -9/48 HPs)
             Began as a Formicid Fighter on July 14, 2021.
             Was a Follower of Dithmenos.
             Splashed by Ijyb's acid (14 damage)
             ... on level 3 of the Dungeon.
             The game lasted 00:05:10 (2546 turns).

nothank2 the Shield-Bearer (Formicid Fighter)       Turns: 2546, Time: 00:05:10

Health: -9/48      AC:  0    Str: 23    XL:     6   Next: 8%
Magic:  6/6        EV:  8    Int:  7    God:    Dithmenos [*.....]
Gold:   132        SH: 10    Dex: 10    Spells: 5/5 levels left

rFire    . . .     SeeInvis +   a - +0 long sword
rCold    . . .     Faith    .   c - +0 kite shield
rNeg     . . .     Spirit   .   b - +0 scale mail
rPois    .         Reflect  .   (helmet unavailable)
rElec    .         Harm     .   p - +0 cloak
rCorr    .         Rampage  .   (no gloves)
Will     .....                  (no boots)
Stlth    ..........             (no amulet)
HPRegen  0.16/turn              (no ring)
MPRegen  0.10/turn              (no ring)

@: lethally poisoned (-9 -> -11), corroded, wreathed by umbra
A: permanent stasis, dig shafts and tunnels, four strong arms, antennae 3
a: Dig, Shaft Self, Renounce Religion


You were on level 3 of the Dungeon.
You worshipped Dithmenos.
Dithmenos was aware of your devotion.
You visited 1 branch of the dungeon, and saw 3 of its levels.

You collected 132 gold pieces.

Inventory:

Hand Weapons
 a - a +0 long sword (weapon)
 n - a +0 dagger of venom
Missiles
 f - 28 poisoned darts (quivered)
Armour
 b - a +0 scale mail (worn)
 c - a +0 kite shield (worn)
 p - a +0 cloak (worn)
Jewellery
 q - an uncursed ring of positive energy {unknown}
Scrolls
 e - 4 scrolls of teleportation
 i - a scroll of remove curse
 k - a scroll of immolation {unknown}
 l - 2 scrolls of identify
Potions
 d - a potion of might
 g - a potion of magic {unknown}
 h - a potion of berserk rage {unknown}
 j - a potion of resistance {unknown}
 m - 2 potions of curing
 o - a potion of heal wounds {unknown}


   Skills:
 + Level 4.2 Fighting
 * Level 3.9 Long Blades
 + Level 4.2 Armour
 + Level 4.7 Shields


You had 5 spell levels left.
You didn't know any spells.
Your spell library was empty.

Dungeon Overview and Level Annotations

Branches:
Dungeon (3/15)

Altars:
Ashenzari
Dithmenos
Fedhas
Qazlal
Sif Muna

Annotations:
D:3 Ijyb


Innate Abilities, Weirdness & Mutations

You cannot be hasted, slowed, berserked, paralysed or teleported.
You can dig through walls and to a lower floor.
Your four strong arms can wield two-handed weapons with a shield.
You have a pair of large antennae on your head. (SInv)


Message History

You are too injured to fight recklessly!
An adder comes into view.
The adder hisses angrily.
Ijyb screams, "Me very upset!"
Ijyb zaps a wand.
The bolt of acid misses you.
Found 17 stones.
You hit Ijyb but do no damage. Ijyb barely misses you.
You hit Ijyb but do no damage. Ijyb hits you.
You hit Ijyb but do no damage. You block the adder's attack.
You block Ijyb's attack. The adder bites you.
* * * LOW HITPOINT WARNING * * *
You are poisoned.
The adder poisons you! Ijyb barely misses you.
You hit Ijyb but do no damage.
You feel sick. The adder barely misses you. Ijyb barely misses you.
You riposte.
You hit Ijyb but do no damage. You hit Ijyb but do no damage.
You feel sick. You block the adder's attack.
Ijyb zaps a wand.
The bolt of acid hits you.
* * * LOW HITPOINT WARNING * * *
The acid corrodes you!
You are splashed with acid!
You die...

....,,,**,,,,,,,,,** *,*
#.#******##*,,,***##**,*
<.##### *.#*_**,,.(,,,*
.†#...# *#.#****#.#****
..#...# #..,,,,..#
).#...#####..#***..#
..........,...* *..#
.#########**#.###g.# .#
#...@S.# ## #..###.#
#..##*.####*
#############...#.....,*
..............#.#..#**,*
######...######....# *,*
...###.#.##........# *,*
....)..#.##.####.#.##*,*
...#####,##..))......,,*


You could see Ijyb and an adder.

Vanquished Creatures
  Crazy Yiuf (D:2)
  Natasha (D:2)
  3 adders
  4 gnolls (D:3)
  4 worms
  2 dart slugs
  3 leopard geckos
  An orc (D:3)
  2 ball pythons (D:1)
  6 bats
  A giant cockroach (D:1)
  5 goblins
  10 hobgoblins
  4 jackals (D:1)
  3 quokkas
  3 frilled lizards
  6 kobolds
  7 rats
66 creatures vanquished.

Notes
Turn   | Place    | Note
-------+----------+-------------------------------------------
     0 | D:1      | nothank2 the Formicid Fighter began the quest for the Orb.
     0 | D:1      | Reached XP level 1. HP: 18/18 MP: 1/1
    67 | D:1      | Reached XP level 2. HP: 24/24 MP: 2/2
   166 | D:1      | Reached XP level 3. HP: 16/29 MP: 3/3
   861 | D:2      | Found a broken altar of Ashenzari.
   869 | D:2      | Found a stormy altar of Qazlal.
   871 | D:2      | Found a shimmering blue altar of Sif Muna.
   873 | D:2      | Found a blossoming altar of Fedhas.
   876 | D:2      | Found a shadowy altar of Dithmenos.
   895 | D:2      | Reached XP level 4. HP: 23/37 MP: 4/4
  1049 | D:2      | Became a worshipper of Dithmenos the Shadowed
  1177 | D:2      | Noticed Natasha
  1184 | D:2      | Killed Natasha
  1298 | D:2      | Found a runed translucent door.
  1299 | D:2      | Noticed Crazy Yiuf
  1313 | D:2      | Killed Crazy Yiuf
  1314 | D:2      | Reached XP level 5. HP: 28/42 MP: 5/5
  1928 | D:3      | HP: 2/42 [poisoned by a kobold]
  2396 | D:3      | Reached * piety under Dithmenos
  2397 | D:3      | Reached XP level 6. HP: 47/48 MP: 6/6
  2538 | D:3      | Noticed Ijyb
  2546 | D:3      | Splashed by Ijyb's acid

Illustrated notes

Levels and vault maps discovered:
D:1:      lordsloth_arrival_two_stooges, layout_rooms, nrook_mini_vaults
D:2:      layout_loops_ring, grunt_temple_overflow_open,
          nicolae_qazlal_general_emergency, uniq_crazy_yiuf_cottage,
          uniq_natasha
D:3:      layout_basic, chequers_temple_overflow_minitemple,
          minmay_misc_feat_room, uniq_ijyb

Skill      XL: |  1  2  3  4 |
---------------+-------------+-----
Shields        | 4 |  4.7
Long Blades    | 3 |  3.9
Fighting       | 4 |  4.2
Armour         | 4 |  4.2

Action                   |  1- 3 |  4- 6 || total
-------------------------+-------+-------++-------
Melee: Long sword        |    75 |   126 ||   201
  Use: Scroll            |       |     5 ||     5
Armor: Scale mail        |    35 |    44 ||    79
Dodge: Dodged            |    24 |    38 ||    62
Block: Kite shield       |    48 |    81 ||   129
       Rpst.: Long sword |     7 |    14 ||    21
